 Dungeon Crawl Stone Soup version 0.29-a0-321-gf1c400731a (webtiles) character file.

Game seed: 2065363955213073549

126 Murumi the Ducker (level 5, -3/40 HPs)
             Began as a Djinni Monk on Apr 4, 2022.
             Slain by a worm (7 damage)
             ... on level 3 of the Dungeon.
             The game lasted 00:07:46 (2298 turns).

Murumi the Ducker (Djinni Monk)                     Turns: 2298, Time: 00:07:46

Health: -3/40      AC:  8    Str: 10    XL:     5   Next: 31%
Gold:   136        EV: 13    Int: 12    God:
                   SH:  0    Dex: 17

rFire   + + .      SeeInvis .   a - +0 falchion
rCold   x . .      Faith    .   (no shield)
rNeg    . . .      Spirit   .   g - +0 leather armour
rPois   ∞          Reflect  .   h - +0 helmet
rElec   .          Harm     .   (no cloak)
rCorr   .          Rampage  .   (no gloves)
Will    .....                   (boots unavailable)
Stlth   ++........              (no amulet)
HPRegen 0.13/turn               d - +4 ring of protection
MPRegen 0.00/turn               (no ring)

@: flying
A: sickness immunity, fire resistance 2, cold vulnerability 1, float, innate
caster, HP casting, extra vitality 1
a: no special abilities


You were on level 3 of the Dungeon.
You visited 1 branch of the dungeon, and saw 3 of its levels.

You collected 136 gold pieces.

Inventory:

Hand Weapons
 a - a +0 falchion (weapon)
 f - a +0 hand crossbow
Armour
 g - a +0 leather armour (worn)
 h - a +0 helmet (worn)
Jewellery
 d - a +4 ring of protection (left hand)
Scrolls
 e - a scroll of immolation
Potions
 b - a potion of curing
 c - a potion of ambrosia
 i - a potion of lignification {unknown}
 j - a potion of flight {unknown}


   Skills:
 - Level 3.0 Fighting
 - Level 3.0 Long Blades
 + Level 1.3 Crossbows
 - Level 3.0 Armour
 - Level 4.0 Dodging
 - Level 2.0 Stealth


You had one spell level left.
You knew the following spells:

 Your Spells              Type           Power      Damage    Failure   Level
a - Summon Small Mammal   Summ           0%         N/A       41%         1
b - Searing Ray           Conj           0%         2d4       54%         2
Your spell library was empty.

Dungeon Overview and Level Annotations

Branches:
Dungeon (3/15)

Altars:


Innate Abilities, Weirdness & Mutations

You are immune to sickness and miasma.
You are immune to poison.
Your flesh is very heat resistant. (rF++)
You are vulnerable to cold. (rC-)
You float through the air rather than walking.
You learn spells naturally, not from books.
Your magical power is your life essence.
You have superior vitality. (+4 MHP)


Message History

You slash the bat!
You kill the bat!
The adder misses you.
You hit the adder.
The adder is severely wounded.
The adder closely misses you.
You completely miss the adder.
The adder is severely wounded.
The adder bites you but does no damage. x2
You slash the adder!
You kill the adder!
The ball python closely misses you. The ball python completely misses you.
You barely miss the ball python. The ball python bites you.
The ball python grabs you. The ball python constricts you.
You barely miss the ball python. The ball python barely misses you.
The ball python constricts you.
You slash the ball python!
You kill the ball python!
The giant cockroach closely misses you.
You hit the giant cockroach.
The giant cockroach is heavily wounded.
The giant cockroach bites you but does no damage.
You hit the giant cockroach.
You kill the giant cockroach!
Found a potion of ambrosia.
The worm bites you.
* * * LOW HITPOINT WARNING * * *
There is an open door here.
Things that are here:
a giant cockroach corpse; a ball python corpse; a bat corpse You barely miss the worm.
The worm closely misses you.
You slash the worm!
The worm is moderately wounded.
You hit the worm.
The worm is severely wounded.
The worm bites you.
* * * LOW HITPOINT WARNING * * *
You barely miss the worm.
The worm is severely wounded.
The worm bites you!
You die...

......# #.$ #. ≈.....#
#.. ##' ......# #.. #..
.###### ##### #>#.###..
.# ####### #...#
#.#..##.. .# .......
#...# #.#..##.. .
....... #...# #.#...##'
.......##...####.#.#.##.
......w@..............#.
......##########'#....#.
....! ##.###.#. ....
#))..... ### #.####.#
#.# #.. ### ##. #. #.


You could see a worm.

Vanquished Creatures
  An orc wizard (D:3)
  5 adders
  A worm (D:2)
  6 orcs
  2 ball pythons
  4 bats
  3 endoplasms
  A giant cockroach (D:3)
  4 goblins
  6 hobgoblins
  2 kobolds (D:2)
  2 quokkas (D:2)
  4 frilled lizards
  5 rats
46 creatures vanquished.

Notes
Turn   | Place    | Note
-------+----------+-------------------------------------------
     0 | D:1      | Murumi the Djinni Monk began the quest for the Orb.
     0 | D:1      | Reached XP level 1. HP: 20/20 MP: 0/0
   310 | D:1      | Reached XP level 2. HP: 25/25 MP: 0/0
   800 | D:2      | Reached skill level 4 in Dodging
   800 | D:2      | Reached XP level 3. HP: 30/30 MP: 0/0
   800 | D:2      | Learned a level 1 spell: Summon Small Mammal
   998 | D:1      | Reached skill level 1 in Armour
  1574 | D:2      | Reached XP level 4. HP: 35/35 MP: 0/0
  2075 | D:3      | Found a faded altar of an unknown god.
  2263 | D:3      | Reached skill level 1 in Crossbows
  2263 | D:3      | Reached XP level 5. HP: 14/40 MP: 0/0
  2263 | D:3      | Learned a level 2 spell: Searing Ray
  2298 | D:3      | Slain by a worm

Illustrated notes

Levels and vault maps discovered:
D:1:      lightli_iron_boxes, layout_loops_corners
D:2:      kennysheep_six_static_rooms, layout_loops_cross
D:3:      layout_basic, gup_sewer_entry_spiral, chequers_ecumenical_altar_island

Skill      XL: |  1  2  3  4 |
---------------+-------------+-----
Long Blades    | 3 |  3.0
Stealth        | 2 |  2.0
Dodging        | 4 |  4.0
Armour         | 1 3 |  3.0
Crossbows      | 1 |  1.3
Fighting       | |  3.0

Action                   |  1- 3 |  4- 6 || total
-------------------------+-------+-------++-------
Melee: Falchion          |    65 |    61 ||   126
 Fire: Hunting sling     |     9 |       ||     9
       Hand crossbow     |     5 |    24 ||    29
  Use: Scroll            |     5 |       ||     5
 Stab: Sleeping          |     2 |       ||     2
Armor: Ring mail         |    13 |       ||    13
       Leather armour    |     2 |    21 ||    23
Dodge: Dodged            |    43 |    35 ||    78

Table legend: (Time is in decaauts)
 A = Elapsed time spent in this place.
 B = Non-inter-level travel time spent in this place.
 C = Inter-level travel time spent in this place.
 D = Time resting spent in this place.
 E = Time spent auto-exploring this place.
 F = Levels seen in this place.
 G = Mean time per level.
                   A        B        C        D        E       F      G
               +--------+--------+--------+--------+--------+-----+--------+
         Total |   2328 |   2118 |    210 |    215 |   1274 |   3 |  776.0 |
       Dungeon |   2328 |   2118 |    210 |    215 |   1274 |   3 |  776.0 |
               +--------+--------+--------+--------+--------+-----+--------+

Top non-repeatable levels by time:
     D:1: 1080 daAuts
     D:2: 949 daAuts
     D:3: 299 daAuts
